 Dungeon Crawl Stone Soup version 0.20-a0-959-gdc9e609 (webtiles) character file.

136446 dvd the Eclecticist (level 16, 0/83 HPs)
             Began as a Deep Elf Fire Elementalist on Apr 4, 2017.
             Was a High Priest of Vehumet.
             Hit by a javelin of returning thrown by a merfolk javelineer (10 damage)
             ... on level 4 of the Shoals on Apr 6, 2017.
             The game lasted 02:42:54 (32578 turns).

dvd the Eclecticist (Deep Elf Fire Elementalist)   Turns: 32578, Time: 02:42:55

Health: 0/83       AC: 14    Str:  5    XL:     16   Next: 66%
Magic:  24/42      EV: 16    Int: 36    God:    Vehumet [*****.]
Gold:   1706       SH:  0    Dex: 18    Spells: 1/55 levels left

rFire    + . .     SeeInvis +   a - +9 dagger (protect)
rCold    + . .     Gourm    .   (no shield)
rNeg     . . .     Faith    .   K - +3 leather armour {rF+}
rPois    +         Spirit   .   T - +2 helmet {Int+3}
rElec    +         Reflect  .   b - +2 cloak
rCorr    .         Harm     .   V - +0 pair of gloves
MR       +....                  (no boots)
Stlth    ++........             S - amulet of Bigh {rC+ Regen+ Int+2 Dex+3 Slay+5}
Regen    1.7/turn               w - ring of wizardry
MPRegen  0.3/turn               n - +3 ring of intelligence

@: regenerating, very slow
A: see invisible, poison resistance, electricity resistance
a: Renounce Religion


You were on level 4 of the Shoals.
You worshipped Vehumet.
Vehumet was extremely pleased with you.
You were not hungry.

You visited 6 branches of the dungeon, and saw 28 of its levels.
You also visited: Trove and Volcano.

You collected 3503 gold pieces.
You spent 1797 gold pieces at shops.

Inventory:

Hand Weapons
 a - a +9 dagger of protection (weapon)
 x - the +3 scimitar "Ibyexur" {elec, *Corrode rPois Int+4 SInv}
   (You took it off a big kobold on level 12 of the Dungeon)

   Occasionally, upon striking a foe, it will discharge some electrical energy
   and cause terrible harm.
   It affects your intelligence (+4).
   It protects you from poison.
   It lets you see invisible.
   It may corrode you when you take damage.
 P - the +9 war axe of Pride {chop, rPois rN++}
   (You found it on level 10 of the Dungeon)

   It inflicts extra damage upon your enemies.
   It protects you from poison.
   It greatly protects you from negative energy.
 Q - the +2 dagger of Sin {holy, MR- Str+2 Int+3}
   (You found it on level 4 of the Shoals)

   It has been blessed by the Shining One to cause great damage to the undead
   and demons.
   It affects your strength (+2).
   It affects your intelligence (+3).
   It affects your resistance to hostile enchantments.
Armour
 b - a +2 cloak (worn)
 p - a +1 robe of cold resistance
 K - a +3 leather armour of fire resistance (worn)
 T - a +2 helmet of intelligence (worn)
 V - a +0 pair of gloves (worn)
Jewellery
 l - an uncursed ring of protection from fire
 n - a +3 ring of intelligence (right hand)
 t - an uncursed ring of protection from cold
 w - a ring of wizardry (left hand)
 A - an uncursed ring of fire
 S - the amulet of Bigh (around neck) {rC+ Regen+ Int+2 Dex+3 Slay+5}
   (You found it on level 12 of the Dungeon)

   [amulet of regeneration]

   It affects your intelligence (+2).
   It affects your dexterity (+3).
   It affects your accuracy and damage with ranged weapons and melee attacks
   (+5).
   It protects you from cold.
   It increases your rate of regeneration.
Wands
 s - a wand of acid (12/15)
 B - a wand of flame (22/48)
 C - a wand of digging (15/24)
 U - a wand of lightning (11/15)
 W - a wand of iceblast (13/15)
Scrolls
 d - 14 scrolls of remove curse
 e - 8 scrolls of teleportation
 k - 4 scrolls of recharging
 u - a scroll of magic mapping
 y - 2 scrolls of fear
 R - 8 scrolls of identify
 X - a scroll of fog
Potions
 g - 6 potions of curing
 h - 3 potions of ambrosia
 i - 2 potions of might
 j - 5 potions of brilliance
 E - a potion of berserk rage
 F - 3 potions of heal wounds
 G - 3 potions of flight
 H - 2 potions of magic
 I - 2 potions of resistance
 J - 2 potions of haste
 N - 2 potions of mutation
 O - 5 potions of agility
Books
 m - a book of Unlife

   Spells                             Type                      Level
   a - Recall                         Summoning/Translocation      3
   b - Animate Dead                   Necromancy                   4
   c - Control Undead                 Necromancy                   4
   d - Cigotuvi's Embrace             Necromancy                   5
   e - Death Channel                  Necromancy                   6
   f - Simulacrum                     Ice/Necromancy               6
 q - a book of Necromancy

   Spells                             Type                      Level
   a - Pain                           Necromancy                   1
   b - Animate Skeleton               Necromancy                   1
   c - Vampiric Draining              Necromancy                   3
   d - Regeneration                   Charms/Necromancy            3
   e - Animate Dead                   Necromancy                   4
   f - Control Undead                 Necromancy                   4
 v - a book of Minor Magic

   Spells                             Type                      Level
   a - Magic Dart                     Conjuration                  1
   b - Blink                          Translocation                2
   c - Call Imp                       Summoning                    2
   d - Slow                           Hexes                        2
   e - Conjure Flame                  Conjuration/Fire             3
   f - Mephitic Cloud                 Conjuration/Poison/Air       3
 D - a book of Misfortune

   Spells                             Type                      Level
   a - Confusing Touch                Hexes                        1
   b - Confuse                        Hexes                        3
   c - Gell's Gravitas                Translocation                3
   d - Petrify                        Transmutation/Earth          4
   e - Metabolic Englaciation         Hexes/Ice                    5
   f - Yara's Violent Unravelling     Hexes/Transmutation          5
 L - a book of Power

   Spells                             Type                      Level
   a - Iskenderun's Battlesphere      Conjuration/Charms           5
   b - Venom Bolt                     Conjuration/Poison           5
   c - Bolt of Magma                  Conjuration/Fire/Earth       5
   d - Iron Shot                      Conjuration/Earth            6
   e - Orb of Destruction             Conjuration                  7
   f - Spellforged Servitor           Conjuration/Summoning        7
 M - a book of Fire

   Spells                             Type                      Level
   a - Ignite Poison                  Fire/Transmutation/Poison    3
   b - Fireball                       Conjuration/Fire             5
   c - Bolt of Fire                   Conjuration/Fire             6
   d - Ring of Flames                 Charms/Fire                  7
   e - Ignition                       Fire                         8
Comestibles
 c - 11 bread rations
 f - 8 meat rations
 o - 8 royal jellies
 r - 34 fruits


   Skills:
 + Level 3.5 Fighting
 + Level 5.3 Short Blades
 + Level 0.7 Axes
 + Level 4.8 Armour
 + Level 7.6 Dodging
 + Level 9.3 Stealth
 + Level 20.3 Spellcasting
 + Level 13.9 Conjurations
 + Level 5.9 Hexes
 + Level 4.7 Charms
 + Level 0.2 Necromancy
 + Level 0.7 Translocations
 + Level 4.1 Transmutations
 + Level 16.0 Fire Magic
 + Level 3.0 Ice Magic
 + Level 1.0 Air Magic
 + Level 2.0 Earth Magic
 + Level 6.8 Poison Magic
 + Level 1.0 Evocations


You had one spell level left.
You knew the following spells:

 Your Spells              Type           Power        Failure   Level  Hunger
a - Flame Tongue          Conj/Fire      #####        0%          1    None
b - Throw Flame           Conj/Fire      ######       0%          2    None
c - Sticky Flame          Conj/Fire      #######.     1%          4    None
d - Fireball              Conj/Fire      #######...   1%          5    None
e - Confuse               Hex            ######..     1%          3    None
f - Stone Arrow           Conj/Erth      ######       1%          3    None
g - Freezing Cloud        Conj/Ice/Air   ######....   2%          6    None
h - Ignition              Fire           ########..   1%          8    ###....
i - Blink                 Tloc           N/A          1%          2    None
j - Ignite Poison         Fire/Tmut/Pois #######.     1%          3    None
k - Olgreb's Toxic Radia  Pois           ######..     1%          4    None
l - Airstrike             Air            #####.....   1%          4    None
m - Bolt of Fire          Conj/Fire      #######...   1%          6    None
n - Regeneration          Chrm/Necr      ######....   1%          3    None


Dungeon Overview and Level Annotations

Branches:
Dungeon (14/15)            Temple (1/1) D:7            Lair (6/6) D:10
 Shoals (4/4) Lair:3       Spider (1/4) Lair:3        Slime (0/5) Lair:5
    Orc (2/2) D:10            Elf (0/3) Orc:2        Vaults (0/5) D:13

Altars:
Ashenzari
Cheibriados
Dithmenos
Elyvilon
Fedhas
Gozag
Hepliaklqana
Kikubaaqudgha
Makhleb
Nemelex Xobeh
Okawaru
Qazlal
Ru
Sif Muna
Trog
Uskayaw
Vehumet
Wu Jian
Xom
Yredelemnul
Zin
The Shining One
Jiyva

Shops:
D:5 ?   D:10 (   D:13 ?   Orc:1 }   Orc:2 :*(

Annotations:
D:13 exclusion: obsidian statue


Innate Abilities, Weirdness & Mutations

You have supernaturally acute eyesight. (SInv)
Your system is resistant to poisons. (rPois)
You are resistant to electric shocks. (rElec)


Message History

Unknown command.
The merfolk javelineer shouts!
The merfolk is engulfed in a cloud of scalding steam.
The merfolk javelineer moves out of view.
The alligator snapping turtle is engulfed in a cloud of scalding steam.
The merfolk is engulfed in a cloud of scalding steam.
The alligator snapping turtle bites you but does no damage.
The merfolk is engulfed in a cloud of scalding steam.
The merfolk javelineer throws a javelin of returning.
The javelin of returning hits you!!
The weapon returns to the merfolk javelineer!
Unknown command.
You feel much better.
The merfolk is engulfed in a cloud of scalding steam.
The alligator snapping turtle bites you from afar!!!
Ouch! That really hurt!
* * * LOW HITPOINT WARNING * * *
The merfolk javelineer throws a javelin of returning.
The javelin of returning hits you!
You die...

≈≈≈≈≈≈≈**≈≈≈##≈t≈≈≈≈≈≈≈≈≈≈≈≈≈≈≈≈≈
≈≈≈≈≈≈≈≈##+##≈≈≈≈≈≈≈≈≈≈≈≈≈≈≈≈≈≈≈≈
≈≈≈≈≈≈≈≈≈≈≈≈≈≈§§§≈≈≈≈≈≈≈≈≈≈≈≈≈≈≈≈
≈≈≈≈≈≈≈≈≈≈≈≈≈≈m§≈§≈m≈≈≈≈≈≈≈≈≈≈≈≈≈
≈≈≈≈≈≈≈≈≈≈≈%≈≈§)≈§§≈≈≈≈≈≈≈≈≈≈≈≈≈≈
≈≈≈≈≈**+*#≈≈≈≈≈≈≈≈≈≈≈≈≈≈≈≈≈≈≈≈≈≈≈
≈≈≈≈**,≈≈*#≈≈≈≈≈t≈≈≈≈≈≈≈≈≈≈≈≈≈≈≈≈
≈≈≈≈*,,,,,#≈≈≈≈≈≈≈≈≈≈≈≈≈≈≈≈≈≈≈≈≈≈
≈≈≈≈*,,,,,#≈≈≈≈≈@≈≈≈≈≈≈≈≈≈≈≈≈≈≈≈≈
≈≈≈≈*,,,,,#≈≈≈≈≈≈≈≈≈≈≈≈≈≈≈≈≈≈≈≈≈≈
≈≈≈≈#*,,,##≈≈≈≈≈≈≈≈≈≈≈≈≈≈≈≈≈≈≈≈≈≈
≈≈≈≈≈#####≈≈≈≈≈≈≈≈≈.≈≈≈≈≈≈≈≈≈≈≈≈≈
≈≈≈≈≈≈≈≈≈≈≈≈≈≈≈≈≈≈≈..≈≈≈≈≈≈≈≈≈≈≈≈
≈≈≈≈≈≈≈≈...≈≈≈..≈≈≈...≈≈≈≈≈≈≈≈≈≈≈
≈≈≈≈≈......≈≈.........≈≈≈≈≈≈≈≈≈≈≈
≈≈≈≈≈......≈≈.####....≈≈≈≈≈≈≈≈≈≈≈
≈≈≈≈≈≈..###.≈.# #.≈≈≈≈≈≈≈≈≈≈≈≈≈≈


You could see an alligator snapping turtle, a merfolk javelineer and a merfolk
(wandering).

Vanquished Creatures
  2 krakens
  An orc warlord (Orc:2)
  A stone giant (Volcano)
  The ghost of feelmyfire the Eclecticist, a journeyman DECj of Vehumet (D:13)
  A merfolk javelineer (Shoals:1)
  3 merfolk impalers
  An ettin (D:12)
  7 hydras
  4 vault guards (D:13)
  4 centaur warriors
  A merfolk aquamancer (Shoals:2)
  Fannar (D:11)
  A death knight (D:14)
  5 two-headed ogres
  2 satyrs
  7 death yaks (Lair:6)
  A deep troll earth mage (D:12)
  2 tengu warriors (D:14)
  3 orc high priests
  8 skeletal warriors
  7 slime creatures
  A flayed ghost (D:12)
  2 unseen horrors
  6 sea snakes
  3 wizards
  3 lindwurms (Lair:6)
  An orange crystal statue (D:12)
  The ghost of Paps the Covered, a novice MiFi of Gozag (D:6)
  Pikel (D:4)
  4 harpies (Shoals:3)
  2 necromancers (D:13)
  A phantasmal warrior (D:12)
  3 wolf spiders (Spider:1)
  3 orc knights (Orc:2)
  17 fauns
  3 deep elf magi
  8 ugly things
  7 cyclopes
  5 orc sorcerers (Orc:2)
  11 manticores
  7 black mambas
  5 water nymphs
  10 merfolk sirens
  8 elephants
  2 molten gargoyles (Volcano)
  6 spiny frogs
  5 gargoyles
  2 efreet
  A torpor snail (Lair:6)
  A freezing wraith (D:14)
  A kobold demonologist (D:13)
  2 rime drakes (Lair:6)
  11 komodo dragons
  A queen bee (D:10)
  7 trolls
  5 jumping spiders
  2 hornets
  3 meliai (D:13)
  2 polar bears
  14 blink frogs
  4 wind drakes
  19 merfolk
  A harpy skeleton (D:14)
  15 hippogriffs
  5 snapping turtles
  2 dream sheep (Lair:6)
  Sigmund (D:4)
  A shadow (D:11)
  8 redbacks
  A spriggan (Lair:5)
  A tarantella (Spider:1)
  A wraith (D:14)
  3 wyverns
  2 hungry ghosts
  4 water elementals
  Eustachio (D:6)
  24 yaks
  5 basilisks
  6 fire bats
  16 humans (D:13)
  A steam dragon (D:14)
  A vampire mosquito (D:12)
  4 wargs
  11 water moccasins
  A soldier ant (D:11)
  6 porcupines
  27 orc warriors
  5 ice beasts
  2 slaves
  2 black bears
  A necrophage (D:12)
  3 sky beasts
  2 eyes of draining
  17 ogres
  5 wolves (Lair:3)
  A phantom (D:7)
  13 centaurs
  8 crocodiles
  3 big kobolds
  20 bullfrogs
  2 earth elementals (Volcano)
  2 wyvern skeletons
  3 scorpions
  26 killer bees
  14 wights
  3 howler monkeys
  4 electric eels
  7 crimson imps
  6 centaur zombies
  3 lava snakes
  8 hounds
  3 bullfrog skeletons
  13 orc priests
  3 centaur skeletons
  5 jellies
  31 orc wizards
  4 iguanas
  Terence (D:2)
  Ijyb (D:5)
  13 worker ants
  Robin (D:2)
  A worker ant zombie (D:9)
  17 adders
  7 shadow imps
  An ooze (D:1)
  An adder skeleton (D:4)
  2 adder zombies
  4 worms
  A leopard gecko (D:5)
  72 orcs
  5 ball pythons
  12 bats
  10 giant cockroaches
  15 goblins
  10 hobgoblins
  16 jackals
  4 quokkas
  7 frilled lizards
  A jackal zombie (D:7)
  16 kobolds
  A leopard gecko skeleton (D:4)
  A quokka skeleton (D:4)
  A quokka zombie (D:8)
  5 rats
  A bush (Lair:5)
  7 plants
  7 tentacles
871 creatures vanquished.

Vanquished Creatures (others)
  10 fungi
  3 plants
  5 tentacles (Shoals:2)
18 creatures vanquished.

Grand Total: 889 creatures vanquished

Notes
Turn   | Place    | Note
-------+----------+-------------------------------------------
     0 | D:1      | dvd the Deep Elf Fire Elementalist began the quest for the Orb.
     0 | D:1      | Reached XP level 1. HP: 10/10 MP: 6/6
   420 | D:1      | Reached XP level 2. HP: 15/15 MP: 6/8
   426 | D:1      | Learned a level 2 spell: Throw Flame
   844 | D:1      | Reached XP level 3. HP: 19/19 MP: 5/10
  1498 | D:2      | Reached skill level 4 in Spellcasting
  1546 | D:2      | Reached XP level 4. HP: 24/24 MP: 4/12
  1899 | D:2      | Noticed Terence
  1914 | D:2      | Killed Terence
  2002 | D:2      | Learned a level 4 spell: Sticky Flame
  2054 | D:2      | Found a sparkling altar of Nemelex Xobeh.
  2383 | D:2      | Noticed Robin
  2399 | D:2      | Killed Robin
  2402 | D:2      | Reached XP level 5. HP: 26/28 MP: 0/13
  2913 | D:3      | Reached skill level 5 in Spellcasting
  3361 | D:3      | Reached XP level 6. HP: 26/32 MP: 1/16
  3748 | D:3      | Found a stormy altar of Qazlal.
  3767 | D:3      | Reached skill level 5 in Fire Magic
  4411 | D:3      | Learned a level 5 spell: Fireball
  4569 | D:4      | Reached skill level 6 in Spellcasting
  4648 | D:4      | Found a basalt altar of Yredelemnul.
  4656 | D:4      | Noticed a slave
  4656 | D:4      | Noticed a slave
  4659 | D:4      | Noticed a slave
  4688 | D:4      | Noticed Sigmund
  4737 | D:4      | Reached XP level 7. HP: 36/36 MP: 11/18
  5128 | D:4      | Killed Sigmund
  5128 | D:4      | Reached skill level 7 in Spellcasting
  5128 | D:4      | Reached skill level 5 in Conjurations
  5404 | D:4      | Noticed Pikel
  5420 | D:4      | Killed Pikel
  5420 | D:4      | Reached skill level 8 in Spellcasting
  5420 | D:4      | Reached XP level 8. HP: 29/42 MP: 1/22
  5606 | D:5      | Entered Level 5 of the Dungeon
  5623 | D:5      | Found Gusen's Magic Scroll Shop.
  5686 | D:5      | Found an opulent altar of Gozag.
  6109 | D:5      | Noticed Ijyb
  6113 | D:5      | Killed Ijyb
  6388 | D:6      | Noticed Paps's ghost (novice MiFi)
  6533 | D:6      | Reached skill level 1 in Fighting
  6749 | D:6      | Reached skill level 9 in Spellcasting
  6751 | D:6      | Found an iron altar of Okawaru.
  7147 | D:5      | Learned a level 3 spell: Confuse
  7452 | D:6      | Noticed Eustachio
  7467 | D:6      | Killed Eustachio
  7467 | D:6      | Reached XP level 9. HP: 29/47 MP: 3/24
  7772 | D:6      | Found a snail-covered altar of Cheibriados.
  7772 | D:6      | Found a white marble altar of Elyvilon.
  7773 | D:6      | Found a glowing silver altar of Zin.
  7778 | D:6      | Reached skill level 1 in Short Blades
  7891 | D:7      | Reached skill level 1 in Hexes
  8252 | D:7      | Found a staircase to the Ecumenical Temple.
  8263 | Temple   | Entered the Ecumenical Temple
  8387 | D:7      | Reached skill level 10 in Spellcasting
  8563 | D:7      | Reached skill level 1 in Armour
  8630 | D:7      | Found a radiant altar of Vehumet.
  8796 | D:7      | Became a worshipper of Vehumet
  8877 | D:7      | Found an ancient bone altar of Kikubaaqudgha.
  8879 | D:7      | Found a blossoming altar of Fedhas.
  9171 | D:7      | Upgraded the game from 0.20-a0-949-g916514f to 0.20-a0-957-g47ad1fd
  9524 | D:8      | Gained mutation: You are resistant to electric shocks. (rElec) [mutagenic meat]
  9525 | D:8      | Gained mutation: You have supernaturally acute eyesight. (SInv) [mutagenic meat]
  9526 | D:8      | Gained mutation: Your system is resistant to poisons. (rPois) [mutagenic meat]
  9621 | D:8      | Reached skill level 5 in Stealth
  9621 | D:8      | Reached XP level 10. HP: 31/52 MP: 9/26
  9955 | D:8      | Found a shattered altar of Ashenzari.
 10006 | D:8      | Found a deep blue altar of Sif Muna.
 10195 | D:8      | Reached skill level 5 in Dodging
 10195 | D:8      | Reached skill level 11 in Spellcasting
 10369 | D:9      | Reached * piety under Vehumet
 10369 | D:9      | Offered knowledge of Freeze by Vehumet.
 11081 | D:9      | Found a hide-covered altar of Uskayaw.
 11082 | D:9      | Noticed a gargoyle
 11104 | D:9      | Killed a gargoyle
 11189 | D:10     | Entered Level 10 of the Dungeon
 11221 | D:10     | Offered knowledge of Magic Dart by Vehumet.
 11233 | D:10     | Reached ** piety under Vehumet
 11549 | D:10     | Reached skill level 12 in Spellcasting
 11583 | D:10     | Found Ijigup's Antique Weapon Shoppe.
 11589 | D:10     | Got a bone war axe
 11590 | D:10     | Identified the +9 war axe of Pride {chop, rPois rN++} (You found it on level 10 of the Dungeon)
 11960 | D:10     | Offered knowledge of Stone Arrow by Vehumet.
 12053 | D:10     | Found a staircase to the Lair.
 12225 | D:10     | Noticed a two-headed ogre
 12227 | D:10     | Reached XP level 11. HP: 57/57 MP: 21/29
 12232 | D:10     | Killed a two-headed ogre
 12239 | D:10     | Found a staircase to the Orcish Mines.
 12547 | Lair:1   | Entered Level 1 of the Lair of Beasts
 12663 | Lair:1   | Learned a level 3 spell: Stone Arrow
 12668 | Lair:1   | Learned a level 4 spell: Throw Icicle
 12672 | Lair:1   | Learned a level 3 spell: Ozocubu's Armour
 12694 | Lair:1   | Reached *** piety under Vehumet
 13042 | Lair:1   | Reached skill level 1 in Ice Magic
 13164 | Lair:1   | Reached skill level 1 in Charms
 13603 | Lair:2   | Reached skill level 13 in Spellcasting
 13832 | Lair:2   | Got a slimy ring mail
 13843 | Lair:2   | Identified the +1 ring mail of the Flute {rPois rF+} (You found it on level 2 of the Lair of Beasts)
 13984 | Lair:2   | Offered knowledge of Dazzling Spray by Vehumet.
 13994 | Lair:2   | Learned a level 3 spell: Dazzling Spray
 14434 | Lair:3   | Reached skill level 10 in Fire Magic
 14626 | Lair:3   | Reached skill level 10 in Conjurations
 14743 | Lair:3   | Found a hole to the Spider Nest.
 14751 | Lair:3   | Reached XP level 12. HP: 62/62 MP: 15/31
 14932 | Lair:3   | Reached **** piety under Vehumet
 14938 | Lair:3   | Offered knowledge of Ignite Poison by Vehumet.
 15122 | Lair:3   | Got a smoking trident
 15130 | Lair:3   | Identified the +6 trident of Doom {elec, Str+3 Int-3} (You found it on level 3 of the Lair of Beasts)
 15475 | Lair:3   | Found a staircase to the Shoals.
 15481 | Lair:3   | Reached skill level 14 in Spellcasting
 15915 | Lair:4   | Noticed a five-headed hydra
 15940 | Lair:4   | Killed a five-headed hydra
 16547 | Lair:5   | Noticed a five-headed hydra
 16554 | Lair:5   | Killed a five-headed hydra
 16718 | Lair:5   | Found a dark tunnel.
 16807 | Volcano  | Entered a volcano
 16970 | Volcano  | Found a burning altar of Makhleb.
 17308 | Volcano  | Reached skill level 15 in Spellcasting
 17382 | Volcano  | Noticed a stone giant
 17389 | Volcano  | Killed a stone giant
 17389 | Volcano  | Reached XP level 13. HP: 57/68 MP: 24/34
 17451 | Volcano  | Reached skill level 5 in Hexes
 17467 | Volcano  | Learned a level 3 spell: Ignite Poison
 17472 | Volcano  | Learned a level 4 spell: Olgreb's Toxic Radiance
 17539 | Lair:5   | Found a viscous altar of Jiyva.
 17539 | Lair:5   | Found a staircase to the Slime Pits.
 17998 | Lair:5   | Reached skill level 1 in Poison Magic
 18372 | Lair:6   | Entered Level 6 of the Lair of Beasts
 18376 | Lair:6   | Reached ***** piety under Vehumet
 18565 | Lair:6   | Offered knowledge of Airstrike by Vehumet.
 18566 | Lair:6   | Reached skill level 1 in Earth Magic
 18572 | Lair:6   | Learned a level 4 spell: Airstrike
 19134 | Lair:6   | Reached skill level 16 in Spellcasting
 19262 | Lair:6   | Reached skill level 1 in Transmutations
 19868 | Lair:6   | Reached XP level 14. HP: 72/72 MP: 29/36
 20043 | Orc:1    | Entered Level 1 of the Orcish Mines
 20061 | Orc:1    | Found Cuohio Agou's Quality Used Wands.
 20410 | Orc:2    | Entered Level 2 of the Orcish Mines
 20622 | Orc:2    | Noticed an orc warlord
 20624 | Orc:2    | Reached skill level 17 in Spellcasting
 20631 | Orc:2    | Killed an orc warlord
 20665 | Orc:1    | Offered knowledge of Bolt of Magma by Vehumet.
 20868 | Orc:2    | Found Tychy's Antique Weapon Boutique.
 21163 | Orc:2    | Reached skill level 5 in Poison Magic
 21420 | Orc:2    | Found a staircase to the Elven Halls.
 21435 | Orc:2    | Found Istresk's Antique Armour Boutique.
 21452 | Orc:2    | Found Ihoeh's Book Emporium.
 21619 | Orc:2    | Found Icamuun's General Store.
 21850 | Orc:2    | Bought a book of Fire for 910 gold pieces
 21857 | Orc:2    | Learned a level 6 spell: Bolt of Fire
 22425 | D:11     | Noticed Fannar
 22433 | D:11     | Killed Fannar
 23196 | D:12     | Found a runed gate.
 23196 | D:12     | Found a runed gate.
 23196 | D:12     | Found a runed gate.
 23256 | D:12     | Found a runed gate.
 23256 | D:12     | Found a runed gate.
 23256 | D:12     | Found a runed gate.
 23727 | D:12     | Got a bound pewter amulet
 23749 | D:12     | Got a faintly glowing long sword {vamp}
 23757 | D:12     | Found a portal to a secret trove of treasure.
 23792 | D:12     | Identified the amulet of Bigh {rC+ Regen+ Int+2 Dex+3 Slay+5} (You found it on level 12 of the Dungeon)
 23814 | Trove    | Entered a treasure trove
 23834 | Trove    | Got a coiled emerald amulet
 23885 | Trove    | Identified the amulet "Ycobaat" {Faith rPois rC++ MP+9 Int-5} (You found it in a treasure trove)
 24454 | D:12     | Reached skill level 18 in Spellcasting
 24568 | D:12     | Got a smoking scimitar {elec}
 24569 | D:12     | Identified the cursed +3 scimitar "Ibyexur" {elec, *Corrode rPois Int+4 SInv} (You took it off a big kobold on level 12 of the Dungeon)
 24572 | D:12     | Got an iridescent trident {freeze}
 24574 | D:12     | Identified the +7 trident "Joajedy" {freeze, Fragile +Rage Dex+8 Stlth-} (You took it off an orc wizard on level 12 of the Dungeon)
 24576 | D:12     | Identified the +6 long sword "Kunoarr" {vamp, +Blink rPois MR- Stlth+} (You took it off an orc on level 12 of the Dungeon)
 24853 | D:13     | Found Dybbili's Magic Scroll Boutique.
 24884 | D:13     | Noticed feelmyfire's ghost (journeyman DECj)
 24893 | D:13     | Killed feelmyfire's ghost
 25179 | D:13     | Reached XP level 15. HP: 78/78 MP: 15/39
 25531 | D:12     | Learned a level 8 spell: Ignition
 25676 | D:13     | Reached skill level 5 in Short Blades
 25794 | D:13     | Got an ancient plate armour
 26078 | D:13     | Identified the cursed +1 plate armour of the Swamp {rN++} (You took it off a meliai on level 13 of the Dungeon)
 26585 | D:13     | Bought a scroll of enchant armour for 127 gold pieces
 26896 | D:13     | Found a gate to the Vaults.
 27158 | D:14     | Found an iron altar of Okawaru.
 27235 | D:14     | Reached skill level 19 in Spellcasting
 28190 | D:6      | Killed Paps's ghost
 28222 | D:5      | Bought a scroll of enchant weapon for 82 gold pieces
 28222 | D:5      | Bought a scroll of teleportation for 33 gold pieces
 28222 | D:5      | Bought a scroll of teleportation for 33 gold pieces
 28222 | D:5      | Bought a scroll of teleportation for 33 gold pieces
 28222 | D:5      | Bought a scroll of enchant weapon for 82 gold pieces
 28222 | D:5      | Bought 2 scrolls of magic mapping for 77 gold pieces
 28405 | D:13     | Learned a level 2 spell: Blink
 28622 | Orc:2    | Bought a book of Necromancy for 420 gold pieces
 28626 | Orc:2    | Learned a level 3 spell: Regeneration
 28626 | Orc:2    | Upgraded the game from 0.20-a0-957-g47ad1fd to 0.20-a0-959-gdc9e609
 28860 | Spider:1 | Entered Level 1 of the Spider Nest
 29021 | Shoals:1 | Entered Level 1 of the Shoals
 29233 | Shoals:1 | Noticed a kraken
 29245 | Shoals:1 | Killed a kraken
 29371 | Shoals:1 | Reached XP level 16. HP: 83/83 MP: 8/41
 29799 | Shoals:1 | Reached skill level 15 in Fire Magic
 30424 | Shoals:2 | Reached skill level 1 in Evocations
 31035 | Shoals:2 | Noticed a kraken
 31042 | Shoals:2 | Killed a kraken
 31285 | Shoals:2 | Offered knowledge of Freezing Cloud by Vehumet.
 31294 | Shoals:2 | Learned a level 6 spell: Freezing Cloud
 31676 | Shoals:3 | Reached skill level 20 in Spellcasting
 31957 | Shoals:3 | Got a warped robe
 31968 | Shoals:3 | Identified the +0 robe of the Hanged Man {rC- Dex+7 SInv Stlth+} (You took it off a merfolk on level 3 of the Shoals)
 32103 | Shoals:3 | Reached skill level 1 in Air Magic
 32454 | Shoals:4 | Entered Level 4 of the Shoals
 32488 | Shoals:4 | Got a scorched dagger
 32489 | Shoals:4 | Identified the +2 dagger of Sin {holy, MR- Str+2 Int+3} (You found it on level 4 of the Shoals)
 32578 | Shoals:4 | Hit by a javelin of returning thrown by a merfolk javelineer

Vault maps used:
D:1:      saegor_arrival_simple_e
D:2:      nemelex_diamond_rough_becter, uniq_terence, uniq_robin
D:3:      lemuel_round_altar
D:4:      yredelemnul_altar_generic, uniq_sigmund, uniq_pikel
D:5:      nicolae_gozag_cash_rules_everything_around_me, serial_shops, shop,
          first_bread, uniq_iyjb
D:6:      gammafunk_temple_overflow_claw, okawaru_trees_1, uniq_eustachio
D:7:      grunt_temple_overflow_growth_and_decay, overflow_temple_1_default,
          minmay_temple_entry_junction_2, kennysheep_generic_room_7
D:8:      led_sif_pool, kennysheep_mini_moat
D:9:      eat_drink_and_be_merry_uskayaw
D:10:     lair_entry_dummy, orc_0_dummy, serial_shops, shop, david_nohive_1
D:11:     uniq_fannar
D:12:     kennysheep_treasure_stockpile, nicolae_trove_entry_free_sample,
          minivault_15
D:13:     grunt_vaults_entry_tiered, lab_entry_generic, serial_shops,
          kennysheep_mini, minivault_16
D:14:     lemuel_statue_altar, kennysheep_flooded_box
Temple:   zaba_magenta_temple
Lair:1:   beast_lair_carwin_1
Lair:3:   elwin_shoals_entry_stream, nicolae_spider_entry_tight_spaces,
          grunt_megastairs_5
Lair:4:   lemuel_fruit_tree
Lair:5:   dpeg_slime_entry_enclosed_altar, nicolae_volcano_entry_two_sided,
          grunt_forest_large_clearing_hut
Lair:6:   hangedman_lair_in_review, nicolae_quartered_pool_medium
Shoals:1: nicolae_shoals_dead_sea_scrolls
Shoals:4: shoals_end_simple, shoals_ilsuiw_alternative, serial_shops, shop
Spider:1: nicolae_spider_mines_3
Orc:1:    nicolae_for_you_no_charge
Orc:2:    grunt_orc_gardens, grunt_orc_garden, grunt_orc_garden,
          grunt_orc_garden, grunt_orc_garden
Trove:    trove_simple
Volcano:  volcano_lake

Skill      XL: |  1  2  3  4  5  6  7  8  9 10 11 12 13 14 15 16 |
---------------+-------------------------------------------------+-----
Fire Magic     | 4 5 6 7 8 9 10 11 12 13 14 16 | 16.0
Conjurations   | 2 3 4 6 7 8 10 11 12 13 | 13.9
Spellcasting   | 4 5 6 8 9 10 12 13 15 16 18 19 20 | 20.3
Stealth        | 3 4 5 7 8 9 |  9.3
Dodging        | 3 4 5 6 7 |  7.6
Fighting       | 1 2 3 |  3.5
Short Blades   | 2 3 4 5 |  5.3
Hexes          | 2 3 4 5 |  5.9
Armour         | 1 2 3 4 |  4.8
Ice Magic      | 1 2 3 |  3.0
Charms         | 1 4 |  4.7
Poison Magic   | 3 6 |  6.8
Earth Magic    | 1 2 |  2.0
Transmutations | 1 2 3 4 |  4.1
Evocations     | 1 |  1.0
Air Magic      | 1 |  1.0
Axes           | |  0.7
Necromancy     | |  0.2
Translocations | |  0.7

Action                   |  1- 3 |  4- 6 |  7- 9 | 10-12 | 13-15 | 16-18 || total
-------------------------+-------+-------+-------+-------+-------+-------++-------
Melee: Unarmed           |     1 |       |       |       |       |       ||     1
       Dagger            |       |    23 |   116 |   196 |   187 |    28 ||   550
       Trident           |       |       |    18 |       |       |       ||    18
       War axe           |       |       |       |     6 |       |       ||     6
 Cast: Flame Tongue      |    70 |   104 |    96 |    81 |    23 |     3 ||   377
       Throw Flame       |    10 |    26 |    47 |    26 |    31 |    20 ||   160
       Sticky Flame      |       |     9 |    31 |    69 |    65 |     7 ||   181
       Fireball          |       |       |    15 |    88 |   146 |    76 ||   325
       Confuse           |       |       |    11 |    20 |     5 |       ||    36
       Ozocubu's Armour  |       |       |       |     6 |     2 |       ||     8
       Throw Icicle      |       |       |       |    15 |    17 |       ||    32
       Stone Arrow       |       |       |       |    12 |    18 |       ||    30
       Dazzling Spray    |       |       |       |     5 |     2 |       ||     7
       Olgreb's Toxic Ra |       |       |       |       |    63 |     2 ||    65
       Ignite Poison     |       |       |       |       |    82 |     4 ||    86
       Bolt of Fire      |       |       |       |       |    55 |    14 ||    69
       Airstrike         |       |       |       |       |     8 |     3 ||    11
       Ignition          |       |       |       |       |    12 |    10 ||    22
       Regeneration      |       |       |       |       |       |     4 ||     4
       Blink             |       |       |       |       |       |     2 ||     2
       Freezing Cloud    |       |       |       |       |       |     1 ||     1
Evoke: Wand              |       |       |       |       |    18 |     3 ||    21
  Use: Scroll            |       |       |    14 |    11 |    23 |     5 ||    53
       Potion            |       |       |     6 |     5 |     5 |     1 ||    17
 Stab: Sleeping          |       |     2 |     6 |    14 |    14 |     1 ||    37
       Confused          |       |       |     2 |     8 |     3 |       ||    13
       Invisible         |       |       |       |     1 |       |       ||     1
       Distracted        |       |       |       |       |     2 |       ||     2
  Eat: Chunk             |     2 |    11 |    20 |    22 |    34 |    12 ||   101
       Royal jelly       |       |       |     1 |     4 |     3 |       ||     8
       Meat ration       |       |       |       |       |     1 |       ||     1
Armor: Robe              |     5 |     7 |    15 |       |    15 |       ||    42
       Leather armour    |       |       |    25 |   126 |    72 |    19 ||   242
Dodge: Dodged            |    18 |    51 |   104 |   212 |   218 |    29 ||   632
